 Dungeon Crawl Stone Soup version 0.32-a0-975-g85d4e5bfdb (webtiles) character file.

Game seed: 1401870211557059603

1246 ezpacito the Chopper (level 8, -10/61 HPs)
             Began as a Coglin Chaos Knight on Apr 19, 2024.
             Was a Plaything of Xom.
             Killed from afar by an electric eel (12 damage)
             ... with a bolt of electricity
             ... on level 4 of the Dungeon.
             The game lasted 00:04:52 (3890 turns).

ezpacito the Chopper (Coglin Chaos Knight)          Turns: 3890, Time: 00:04:53

Health: -10/61     AC: 11    Str: 12 (14) XL:     8   Next: 50%
Magic:  10/10      EV:  6    Int: 10 (13) God:    Xom [.*....]
Gold:   106        SH:  0    Dex: 12 (13) Spells: 10/10 levels left

rFire   . . .        a - +0 hand axe (chaos) {Friðuswiþ}
rCold   . . .        l - +0 spear {Njabulo}
rNeg    . . .        f - +0 chain mail
rPois   .            (helmet restricted)
rElec   .            o - +0 cloak
rCorr   .            (no gloves)
SInv    .            s - +0 pair of boots
Will    .....        (amulet unavailable) Stlth
                     (ring unavailable)
HPRegen 0.30/turn    (ring unavailable)
MPRegen 0.12/turn    (no gizmo)

%: no passive effects
@: no status effects
A: off-hand wielding, slow wielding, warmup strikes, no jewellery, horns 1
a: Invent Gizmo, Renounce Religion


You were on level 4 of the Dungeon.
You worshipped Xom.
You were a plaything of Xom.
You visited 1 branch of the dungeon, and saw 4 of its levels.

You collected 106 gold pieces.

Inventory:

Hand Weapons
 a - a +0 hand axe of chaos (weapon) {Friðuswiþ}
 l - a +0 spear (offhand) {Njabulo}
Missiles
 m - 11 poisoned darts (quivered)
Armour
 c - a +0 helmet
 f - a +0 chain mail (worn)
 o - a +0 cloak (worn)
 s - a +0 pair of boots (worn)
Wands
 n - a wand of paralysis (13)
 p - a wand of flame (35)
 u - a wand of polymorph (14)
Scrolls
 b - a scroll of vulnerability
 e - a scroll of immolation
 g - a scroll of fear
 h - a scroll of revelation
 t - 2 scrolls of teleportation
 x - a scroll of fog
 y - a scroll of noise
 z - a scroll of amnesia
Potions
 d - 3 potions of might
 j - 2 potions of degeneration
 k - a potion of ambrosia {unknown}
 q - a potion of invisibility {unknown}
 r - a potion of enlightenment {unknown}
 v - a potion of magic
 w - a potion of heal wounds {unknown}


   Skills:
 * Level 4.6 Fighting
 * Level 4.8(5.4) Axes
 * Level 3.2(4.3) Polearms
 + Level 1.9 Throwing
 * Level 3.8 Armour
 * Level 3.2 Dodging
 + Level 1.8 Stealth
 + Level 1.5 Unarmed Combat
 + Level 1.7 Spellcasting
 + Level 2.8 Evocations


You had 10 spell levels left.
You didn't know any spells.
Your spell library contained the following spells:

 Spells                   Type           Power      Damage    Failure   Level
 Kiss of Death            Conj/Necr      0%         2d5       100%        1
 Jinxbite                 Hex            0%         N/A       100%        2
 Sublimation of Blood     Necr           0%         N/A       100%        2
 Confusing Touch          Hex            0%         N/A       100%        3
 Inner Flame              Hex/Fire       0%         N/A       100%        3
 Dispel Undead            Necr           0%         3d6       100%        4
 Petrify                  Alch/Erth      0%         N/A       100%        4
 Curse of Agony           Necr           0%         N/A       100%        5
 Irradiate                Conj/Alch      0%         3d11      100%        5
 Yara's Violent Unravell  Hex/Alch       0%         3d3       100%        5
 Enfeeble                 Hex            0%         N/A       100%        7
 Rimeblight               Ice/Necr       0%         2d3       (prima100%   7
 Fulsome Fusillade        Conj/Alch      0%         (3-5)d4   100%        8
 Ignition                 Fire           0%         3d3       100%        8


Dungeon Overview and Level Annotations

Branches:
Dungeon (4/15)
 Temple: D:4-7

Altars:
Cheibriados
Hepliaklqana
Qazlal
The Shining One

Annotations:
D:4 1 transporter


Innate Abilities, Weirdness & Mutations

You can wield a second weapon in your off-hand.
It takes a long time for you to wield or remove held weapons.
Your first few attacks do less damage.
You cannot equip rings or amulets.
You have a pair of small horns on your head.


Message History

You start to feel less resistant.
Your resistance to elements expires.
There is a transporter here.
You enter the transporter and appear at another place.
p - a wand of flame (36) (gained 22 charges)
You open the door.
The electric eel shoots out a bolt of lightning at you!
The bolt of electricity hits you! The bolt of electricity hits you.
The electric eel shoots out a bolt of lightning at you!
The bolt of electricity hits you!
You take 28 damage, and have 33/61 hp.
MASSIVE DAMAGE!!
Aiming: Throw Flame
Press: ? - help, Shift-Dir - straight line, f - electric eel
Aim: an electric eel (53% to hit)
The puff of flame misses the electric eel.
The electric eel is engulfed in a cloud of scalding steam.
The electric eel shoots out a bolt of lightning at you!
The bolt of electricity hits you. The bolt of electricity hits you!
* * * LOW HITPOINT WARNING * * *
You take 18 damage, and have 15/61 hp.
MASSIVE DAMAGE!!
Okay, then.
The electric eel is engulfed in a cloud of scalding steam.
You kill the electric eel!
You hear a splash.
It was a potion of degeneration.
There was something very wrong with that liquid.
You feel weakened.
You feel dopey.
You feel clumsy.
Xom thinks this is hilarious!
The electric eel shoots out a bolt of lightning at you!
The bolt of electricity hits you!
* * * LOW HITPOINT WARNING * * *
Xom thinks this is hilarious!
The bolt of electricity hits the plant!
The plant begins to die.
The bolt of electricity hits the plant!
You take 14 damage, and have 2/61 hp.
MASSIVE DAMAGE!!
It was a potion of magic.
Magic courses through your body.
The electric eel shoots out a bolt of lightning at you!
The bolt of electricity hits you!
You die...
Xom giggles madly!

#....##......#.........>...##....
##..####...................###...
....####....................##...
.........##.................##...
..[....#####.................#...
.......# #.....................
#......# ##..###############....
#.....## #...#ßP#~~~~~~~#Pß#....
......# #...#.@#..P~~~~#..#....
......# #..©#©.'..S⌠~PP+[©#©...
).....# ##..#..#..~§~~~#..#....
......# ##.#ßP#S§§§~~~#Pß#.#..
......### ##.###############...#
........####....................#
####.........####...###...###..##
# #........#####..÷......##...#
##..##.....##...#.......#..##


You could see 2 electric eels.

Vanquished Creatures
  Pikel (D:4)
  Duvessa (D:4)
  An ice beast (D:4)
  A black bear (D:4)
  3 scorpions (D:4)
  Dowan (D:4)
  An electric eel (D:4)
  Crazy Yiuf (D:4)
  Natasha (thrice) (D:3)
  Robin (D:3)
  3 adders
  3 dart slugs
  2 ribbon worms
  7 ball pythons
  9 endoplasms
  4 giant cockroaches
  5 hobgoblins
  5 jackals
  2 quokkas (D:4)
  5 bats
  3 frilled lizards
  16 goblins
  7 kobolds
  5 rats
90 creatures vanquished.

Notes
Turn   | Place    | Note
-------+----------+-------------------------------------------
     0 | D:1      | ezpacito the Coglin Chaos Knight began the quest for the
                  | Orb.
     0 | D:1      | Reached XP level 1. HP: 18/18 MP: 1/1
   140 | D:1      | Reached XP level 2. HP: 21/24 MP: 2/2
   143 | D:1      | Reached skill level 1 in Dodging
   331 | D:1      | XOM: god gift: dagger {god gift}
   548 | D:1      | Reached XP level 3. HP: 23/29 MP: 3/3
   762 | D:2      | Reached skill level 1 in Polearms
   923 | D:2      | XOM: noise
  1060 | D:2      | Reached XP level 4. HP: 35/35 MP: 4/4
  1303 | D:2      | XOM: cloud trail
  1385 | D:3      | Found a hazy altar of Hepliaklqana.
  1451 | D:3      | Noticed Natasha
  1457 | D:3      | Killed Natasha
  1566 | D:3      | Found a stormy altar of Qazlal.
  1584 | D:3      | Noticed Natasha
  1593 | D:3      | Killed Natasha
  1594 | D:3      | Reached skill level 1 in Evocations
  1594 | D:3      | Reached XP level 5. HP: 28/41 MP: 4/6
  1649 | D:3      | XOM: noise
  1652 | D:3      | Noticed Robin
  1657 | D:3      | XOM: confuse monster(s)
  1685 | D:3      | XOM: cleaving
  1706 | D:3      | Killed Robin
  1861 | D:3      | XOM: give mutation
  1861 | D:3      | Gained mutation: You have a pair of small horns on your
                  | head. [Xom's grace]
  1900 | D:3      | Reached skill level 1 in Throwing
  1977 | D:3      | Noticed Natasha
  1983 | D:3      | Killed Natasha
  2054 | D:3      | XOM: divination: magic mapping
  2211 | D:3      | XOM: scenery: summon butterflies
  2233 | D:3      | XOM: cloud trail
  2322 | D:4      | Found a glowing golden altar of the Shining One.
  2370 | D:4      | Reached XP level 6. HP: 37/47 MP: 7/7
  2509 | D:4      | XOM: god gift: book of Transmutation
  2558 | D:4      | Noticed Duvessa
  2563 | D:4      | Noticed Dowan
  2564 | D:4      | Noticed Pikel
  2578 | D:4      | Killed Duvessa
  2579 | D:4      | Reached skill level 1 in Stealth
  2579 | D:4      | Reached skill level 1 in Spellcasting
  2579 | D:4      | Killed Pikel
  2580 | D:4      | Reached skill level 1 in Unarmed Combat
  2580 | D:4      | Reached XP level 7. HP: 38/54 MP: 7/9
  2583 | D:4      | Killed Dowan
  2584 | D:4      | Reached XP level 8. HP: 44/60 MP: 7/10
  2668 | D:4      | Found a transporter.
  2685 | D:4      | Found a transporter.
  2803 | D:4      | Found a snail-covered altar of Cheibriados.
  3311 | D:4      | Found a runed translucent door.
  3312 | D:4      | Noticed Crazy Yiuf
  3699 | D:4      | XOM: divination: detect items
  3766 | D:4      | Killed Crazy Yiuf
  3889 | D:4      | HP: 2/61 [electric eel/bolt of electricity (14)]
  3890 | D:4      | Killed from afar by an electric eel

Illustrated notes

Levels and vault maps discovered:
D:1:      psy_arrival_conway, layout_rooms, kennysheep_nondescript
D:2:      layout_rooms
D:3:      layout_basic, mainiacjoe_overflow_boulevard,
          mainiacjoe_overflow_cross_hatched, serial_aquarium,
          aquarium_bridge_straight [aquarium_subvault_bridge,
          aquarium_subvault_wall, aquarium_subvault_bridge,
          aquarium_subvault_wall], aquarium_bridge_island_small
          [aquarium_subvault_small_open, aquarium_subvault_bridge,
          aquarium_subvault_wall, aquarium_subvault_balcony,
          aquarium_subvault_bridge], aquarium_window_1, aquarium_window_fake,
          aquarium_window_1, aquarium_window_2, aquarium_view_2f,
          aquarium_view_2a, serial_park_tiny_pond, uniq_natasha, uniq_robin
D:4:      gammafunk_steamed_eel, layout_layer_cave, old_standard_altar,
          minmay_ruined_shrine, uniq_pikel, uniq_crazy_yiuf_cottage,
          uniq_duvessa

Skill      XL: |  1  2  3  4  5  6  7  8 |
---------------+-------------------------+-----
Dodging        | 1 2 3 |  3.2
Armour         | 2 3 |  3.8
Polearms       | 1 2 3 |  3.2
Evocations     | 1 2 |  2.8
Throwing       | 1 |  1.9
Stealth        | 1 |  1.8
Spellcasting   | 1 |  1.7
Fighting       | 4 |  4.6
Axes           | 4 |  4.8
Unarmed Combat | 1 |  1.5

Action                     |  1- 3 |  4- 6 |  7- 9 || total
---------------------------+-------+-------+-------++-------
  Melee: Dagger            |    60 |       |       ||    60
         Hand axe          |    76 |    92 |    59 ||   227
         Spear             |    12 |   103 |    62 ||   177
         Headbutt          |       |     8 |    15 ||    23
  Throw: Dart              |       |       |     1 ||     1
  Evoke: Wand              |       |       |     1 ||     1
    Use: Potion            |       |     3 |     5 ||     8
         Scroll            |       |     1 |     8 ||     9
 Armour: Leather armour    |    20 |       |       ||    20
         Chain mail        |    45 |   101 |    70 ||   216
  Dodge: Dodged            |    43 |    35 |    17 ||    95

Table legend: (Time is in decaauts)
 A = Elapsed time spent in this place.
 B = Non-inter-level travel time spent in this place.
 C = Inter-level travel time spent in this place.
 D = Time resting spent in this place.
 E = Time spent auto-exploring this place.
 F = Levels seen in this place.
 G = Mean time per level.
                   A        B        C        D        E       F      G
               +--------+--------+--------+--------+--------+-----+--------+
         Total |   3905 |   3755 |    150 |      0 |   3137 |   4 |  976.2 |
       Dungeon |   3905 |   3755 |    150 |      0 |   3137 |   4 |  976.2 |
               +--------+--------+--------+--------+--------+-----+--------+

Top non-repeatable levels by time:
     D:4: 1585 daAuts
     D:3: 1000 daAuts
     D:1: 691 daAuts
     D:2: 627 daAuts
